 Dungeon Crawl Stone Soup version 0.20-a0-3-g334f831 (webtiles) character file.

603 mrath the Cudgeler (level 7, -5/60 HPs)
             Began as a Minotaur Fighter on Oct 30, 2016.
             Slain by a mummy (6 damage)
             ... in an ossuary.
             The game lasted 00:12:39 (3114 turns).

mrath the Cudgeler (Minotaur Fighter)               Turns: 3114, Time: 00:12:40

Health: -5/60      AC: 10    Str: 23    XL:     7   Next: 18%
Magic:  6/6        EV:  7    Int:  5    God:
Gold:   208        SH: 10    Dex:  9    Spells: 0 memorised, 6 levels left

rFire  . . .     SeeInvis .     a - +0 flail
rCold  . . .     Gourm    .     d - +0 chain mail
rNeg   . . .     Faith    .     c - +0 shield
rPois  .         Spirit   .     (helmet restricted)
rElec  .         Reflect  .     v - +0 cloak
rCorr  .         Harm     .     (no gloves)
MR     .....                    (no boots)
Stlth  ..........               (no amulet)
                                (no ring)
                                (no ring)

@: no status effects
A: retaliatory headbutt, horns 2
a: no special abilities


You were in an ossuary.
You were hungry.

You visited 1 branch of the dungeon, and saw 4 of its levels.
You also visited: Ossuary.

You collected 208 gold pieces.

Inventory:

Hand Weapons
 a - a +0 flail (weapon)
Missiles
 h - 25 poisoned needles
 i - 285 stones
 u - 4 tomahawks (quivered)
Armour
 c - a +0 shield (worn)
 d - a +0 chain mail (worn)
 v - a +0 cloak (worn)
Scrolls
 e - a scroll of enchant armour {unknown}
 k - 2 scrolls of magic mapping {unknown}
 l - 3 scrolls of identify {unknown}
 o - a scroll of blinking {unknown}
 s - 2 scrolls of teleportation {unknown}
 w - a scroll of remove curse {unknown}
Potions
 b - a potion of invisibility {unknown}
 g - a potion of degeneration {unknown}
 j - 2 potions of curing {unknown}
 p - a potion of magic {unknown}
 q - 2 potions of mutation {unknown}
Books
 r - a book of Cantrips

   Spells                             Type                      Level
   a - Confusing Touch                Hexes                        1
   b - Animate Skeleton               Necromancy                   1
   c - Summon Small Mammal            Summoning                    1
   d - Apportation                    Translocation                1
Comestibles
 f - 3 bread rations
 m - a royal jelly
 n - a slice of pizza
 t - 8 chunks of flesh
 x - 3 fruits


   Skills:
 + Level 4.6 Fighting
 + Level 6.8 Maces & Flails
 + Level 2.3 Throwing
 + Level 4.5 Armour
 + Level 2.5 Dodging
 + Level 4.7 Shields


You had 6 spell levels left.
You didn't know any spells.

Dungeon Overview and Level Annotations

Branches:
Dungeon (4/15)
 Temple: D:4-7

Altars:


Innate Abilities, Weirdness & Mutations

You reflexively headbutt those who attack you in melee.
You have a pair of horns on your head.


Message History

You sock the mummy!
You destroy the mummy!
The hobgoblin zombie hits you but does no damage.
The mummy hits you!
* * * LOW HITPOINT WARNING * * *
You hit the mummy. You headbutt the mummy.
The mummy is heavily damaged.
You block the mummy's attack.
The orc zombie hits you but does no damage.
The hobgoblin zombie barely misses you.
You hit the mummy but do no damage. You headbutt the mummy!
The mummy is almost destroyed.
You block the mummy's attack. The orc zombie barely misses you.
The mummy hits you!
* * * LOW HITPOINT WARNING * * *
The hobgoblin zombie hits you but does no damage.
You sock the mummy!
You destroy the mummy!
The mummy hits you.
You die...

#....#
#....#
#....#
#....#
#....#
#....#
#....#
#.ZZ.#
#ZM@.#
######


You could see a mummy, 2 hobgoblin zombies and an orc zombie.

Vanquished Creatures
  The ghost of RexLacerta the Charmwright, an amateur HaSk (D:3)
  An ogre (D:4)
  A crimson imp (D:3)
  A bullfrog zombie (D:3)
  A hound (D:4)
  An orc wizard (D:3)
  Terence (D:2)
  2 worker ants
  3 mummies (Ossuary)
  A worker ant zombie (D:4)
  5 adders
  A howler monkey skeleton (D:4)
  2 worms
  4 dart slugs
  3 leopard geckos
  10 orcs
  3 giant cockroaches
  A gnoll zombie (Ossuary)
  6 goblins
  7 hobgoblins
  6 jackals (D:1)
  3 kobolds
  2 quokkas
  6 bats
  9 frilled lizards
  A hobgoblin zombie (Ossuary)
  2 kobold zombies (Ossuary)
  An orc zombie (Ossuary)
  10 rats
95 creatures vanquished.

Notes
Turn   | Place    | Note
-------+----------+-------------------------------------------
     0 | D:1      | mrath the Minotaur Fighter began the quest for the Orb.
     0 | D:1      | Reached XP level 1. HP: 19/19 MP: 0/0
    27 | D:1      | Reached skill level 3 in Maces & Flails
    38 | D:1      | Reached XP level 2. HP: 21/26 MP: 1/1
   508 | D:1      | Reached skill level 4 in Maces & Flails
   705 | D:2      | Reached XP level 3. HP: 31/31 MP: 2/2
  1031 | D:2      | Noticed Terence
  1037 | D:2      | Killed Terence
  1037 | D:2      | Reached skill level 5 in Maces & Flails
  1037 | D:2      | Reached XP level 4. HP: 38/39 MP: 3/3
  1554 | D:3      | Reached skill level 6 in Maces & Flails
  1699 | D:3      | Noticed RexLacerta's ghost (amateur HaSk)
  1718 | D:3      | Killed RexLacerta's ghost
  1718 | D:3      | Reached skill level 1 in Throwing
  1718 | D:3      | Reached skill level 1 in Dodging
  1718 | D:3      | Reached XP level 5. HP: 32/46 MP: 4/4
  1959 | D:3      | Reached XP level 6. HP: 28/52 MP: 5/5
  2962 | D:4      | Reached XP level 7. HP: 56/60 MP: 6/6
  3066 | D:4      | Found a sand-covered staircase.
  3076 | Ossuary  | Entered an ossuary
  3113 | Ossuary  | HP: 1/60 [mummy (13)]
  3114 | Ossuary  | Slain by a mummy

Vault maps used:
D:1:      scummos_arrival_simple_crosswalls
D:2:      first_bread, minmay_misc_feat_four_crosses,
          kennysheep_generic_room_11, uniq_terence
D:4:      kennysheep_vampire_church, enter_ossuary_1, serial_bayou_pond_a,
          minmay_bent
Ossuary:  ossuary_tomb_3

Skill      XL: |  1  2  3  4  5  6 |
---------------+-------------------+-----
Maces & Flails | 3 4 5 6 |  6.8
Fighting       | 4 |  4.6
Throwing       | 1 2 |  2.3
Armour         | 4 |  4.5
Dodging        | 1 2 |  2.5
Shields        | 4 |  4.7

Action                   |  1- 3 |  4- 6 |  7- 9 || total
-------------------------+-------+-------+-------++-------
Melee: Flail             |    78 |   185 |    40 ||   303
       Headbutt          |     8 |    23 |    10 ||    41
Throw: Stone             |     3 |     1 |       ||     4
       Tomahawk          |       |     4 |       ||     4
  Use: Potion            |     1 |       |       ||     1
  Eat: Chunk             |       |     7 |       ||     7
Armor: Scale mail        |    31 |       |       ||    31
       Chain mail        |       |    92 |    27 ||   119
Dodge: Dodged            |    32 |    37 |    21 ||    90
Block: Shield            |    36 |   102 |    40 ||   178
